Workbook

Sheet Especificações Técnicas

Sheet Orçamento
B9: ORÇAMENTO DISCRIMINADO
B11: CENTRO DE SAÚDE PREVENTIVA DO IDOSO - 2ª ETAPA: 153,52m²
B13: PROPONENTE/CONSTRUTORA
B14: MUNICÍPIO DE UBIRETAMA
B16: Endereço da Obra
B17: PRAÇA CENTRAL FRENTE PRA RUA MISSÕES
B19: Cidade
B20: UBIRETAMA / RS
B22: SERVIÇO | D22: Unid. | E22: Quant. | F22: Custo | G22: Custo | H22: PESO
F23: Unitário | G23: Total c/ BDI
B24: 1. SERVIÇOS PRELIMINARES/GERAIS | G24: =SUM(G25+G28) -> 4889.9616 | H24: =IF(G$190=0,0,100*G24/G$190) -> 1.8559932
B25: 1.1 | C25: Serviços Preliminares | G25: =SUM(G26:G27) -> 3079.9616 | H25: =IF(G$190=0,0,100*G25/G$190) -> 1.1690047
B26: Locação da obra | D26: m² | E26: 153.52 | F26: 14.08 | G26: =E26*F26 -> 2161.5616 | H26: =IF(G$190=0,0,100*G26/G$190) -> 0.82042438
B27: Inst.provisórias (tapumes, barracão, água, luz, placas, etc.) | D27: m² | E27: 20 | F27: 45.92 | G27: =E27*F27 -> 918.4 | H27: =IF(G$190=0,0,100*G27/G$190) -> 0.34858028
B28: 1.2 | C28: Serviços Gerais | G28: =SUM(G29:G31) -> 1810 | H28: =IF(G$190=0,0,100*G28/G$190) -> 0.68698857
B29: Despesas Administrativas | D29: Vb | G29: 1100 | H29: =IF(G$190=0,0,100*G29/G$190) -> 0.41750687
B30: Limpeza da obra | D30: Vb | G30: 410 | H30: =IF(G$190=0,0,100*G30/G$190) -> 0.1556162
B31: Transportes | D31: Vb | G31: 300 | H31: =IF(G$190=0,0,100*G31/G$190) -> 0.11386551
B32: 2. INFRA-ESTRUTURA | G32: =SUM(G33+G37) -> 26166.242 | H32: =IF(G$190=0,0,100*G32/G$190) -> 9.9314416
B33: 2.1 | C33: Trabalhos em Terra | G33: =SUM(G34:G36) -> 2484.26 | H33: =IF(G$190=0,0,100*G33/G$190) -> 0.9429051
B34: Escavações manuais | D34: m³ | E34: 22 | F34: 45.51 | G34: =E34*F34 -> 1001.22 | H34: =IF(G$190=0,0,100*G34/G$190) -> 0.38001475
B35: Aterro e apiloamento | D35: m³ | E35: 62 | F35: 23.92 | G35: =E35*F35 -> 1483.04 | H35: =IF(G$190=0,0,100*G35/G$190) -> 0.56289035
B36: Desmonte em rocha | D36: m³ | G36: =E36*F36 -> 0 | H36: =IF(G$190=0,0,100*G36/G$190) -> 0
B37: 2.2 | C37: Fundações e Outros Serviços | G37: =SUM(G38:G42) -> 23681.982 | H37: =IF(G$190=0,0,100*G37/G$190) -> 8.9885365
B38: Base fundação em concreto FCK 25 Mpa | D38: m³ | E38: 12.8 | F38: 955.2 | G38: =E38*F38 -> 12226.56 | H38: =IF(G$190=0,0,100*G38/G$190) -> 4.6406116
B39: Fundações superficiais alvenaria tijolos maciços 25 cm | D39: m² | E39: 72 | F39: 94.7 | G39: =E39*F39 -> 6818.4 | H39: =IF(G$190=0,0,100*G39/G$190) -> 2.5879353
B40: Colunas de concreto e vigas de fundações FCK 25 Mpa | D40: m³ | E40: 3.8 | F40: 955.2 | G40: =E40*F40 -> 3629.76 | H40: =IF(G$190=0,0,100*G40/G$190) -> 1.3776816
B41: Impermeabilização das fundações | D41: m² | E41: 41.4 | F41: 24.33 | G41: =E41*F41 -> 1007.262 | H41: =IF(G$190=0,0,100*G41/G$190) -> 0.382308
B42: Concreto piscina | D42: m³ | H42: =IF(G$190=0,0,100*G42/G$190) -> 0
B43: 3. SUPRA ESTRUTURA | G43: =SUM(G44) -> 23832.609 | H43: =IF(G$190=0,0,100*G43/G$190) -> 9.0457072
B44: 3.1 | C44: Concreto Armado | G44: =SUM(G45:G46) -> 23832.609 | H44: =IF(G$190=0,0,100*G44/G$190) -> 9.0457072
B45: Laje pré-moldada incl. malha de ferro nos beirais(esp. 12cm) | D45: m² | E45: 192 | F45: 86.33 | G45: =E45*F45 -> 16575.36 | H45: =IF(G$190=0,0,100*G45/G$190) -> 6.291206
B46: Concreto sobre a laje pré-moldada | D46: m³ | E46: 15.3 | F46: 474.33 | G46: =E46*F46 -> 7257.249 | H46: =IF(G$190=0,0,100*G46/G$190) -> 2.7545012
B47: 4. PAREDES E PAINÉIS | G47: =SUM(G48+G55+G58+G62+G64+G66) -> 56437.26 | H47: =IF(G$190=0,0,100*G47/G$190) -> 21.420858
B48: 4.1 | C48: Alvenarias | G48: =SUM(G49:G53) -> 24765.002 | H48: =IF(G$190=0,0,100*G48/G$190) -> 9.3995986
B49: Tijolo maciço largura nominal de 15 cm | D49: m² | E49: 268 | F49: 69.06 | G49: =E49*F49 -> 18508.08 | H49: =IF(G$190=0,0,100*G49/G$190) -> 7.0247732
B50: Gesso acartonado | D50: m² | E50: 12 | F50: 105.93 | G50: =E50*F50 -> 1271.16 | H50: =IF(G$190=0,0,100*G50/G$190) -> 0.48247094
B51: Vigas de respaldo | D51: m³ | E51: 3.6 | F51: 955.19 | G51: =E51*F51 -> 3438.684 | H51: =IF(G$190=0,0,100*G51/G$190) -> 1.3051584
B52: Vergas de concreto | D52: m³ | E52: 1.08 | F52: 632.71 | G52: =E52*F52 -> 683.3268 | H52: =IF(G$190=0,0,100*G52/G$190) -> 0.25935785
B53: Colunas de concreto armado FCK 25 Mpa | D53: m³ | E53: 0.92 | F53: 938.86 | G53: =E53*F53 -> 863.7512 | H53: =IF(G$190=0,0,100*G53/G$190) -> 0.32783824
B54: 4.2 | C54: Esquadrias Metálicas | G54: =SUM(G55,G62) -> 31672.258 | H54: =IF(G$190=0,0,100*G54/G$190) -> 12.021259
C55: 4.2.1 Alumínio | G55: =SUM(G56:G57) -> 25385.958 | H55: =IF(G$190=0,0,100*G55/G$190) -> 9.6352835
B56: Janelas vidro temperado espessura vidro 8mm maxim - ar | D56: m² | E56: 25.65 | F56: 898.04 | G56: =E56*F56 -> 23034.726 | H56: =IF(G$190=0,0,100*G56/G$190) -> 8.7428694
B57: Portas entrada completa vidro temperado espessura 10mm | D57: m² | E57: 2.4 | F57: 979.68 | G57: =E57*F57 -> 2351.232 | H57: =IF(G$190=0,0,100*G57/G$190) -> 0.8924141
C58: 4.2.2 Ferro | G58: =SUM(G59:G61) -> 0 | H58: =IF(G$190=0,0,100*G58/G$190) -> 0
B59: Janelas | D59: m² | G59: =E59*F59 -> 0 | H59: =IF(G$190=0,0,100*G59/G$190) -> 0
B60: Portas | D60: un | G60: =E60*F60 -> 0 | H60: =IF(G$190=0,0,100*G60/G$190) -> 0
B61: Basculantes | D61: m² | G61: =E61*F61 -> 0 | H61: =IF(G$190=0,0,100*G61/G$190) -> 0
B62: 4.3 | C62: Esquadrias de Madeira | G62: =SUM(G63:G63) -> 6286.3 | H62: =IF(G$190=0,0,100*G62/G$190) -> 2.3859758
C63: Portas internas Semi Oca (compensada) de 1ª qualidade | D63: un | E63: 10 | F63: 628.63 | G63: =E63*F63 -> 6286.3 | H63: =IF(G$190=0,0,100*G63/G$190) -> 2.3859758
B64: 4.4 | C64: Ferragens | G64: =SUM(G65:G65) -> 0 | H64: =IF(G$190=0,0,100*G64/G$190) -> 0
C65: Conjuntos p/portas/janelas/dobradiças | D65: vb | H65: =IF(G$190=0,0,100*G65/G$190) -> 0
B66: 4.5 | C66: Vidros e plásticos | G66: =SUM(G67:G68) -> 0 | H66: =IF(G$190=0,0,100*G66/G$190) -> 0
C67: Plásticos e acrílicos | D67: m² | G67: =E67*F67 -> 0 | H67: =IF(G$190=0,0,100*G67/G$190) -> 0
G68: =E68*F68 -> 0 | H68: =IF(G$190=0,0,100*G68/G$190) -> 0
B69: 5. COBERTURAS E PROTEÇÕES | G69: =SUM(G70+G76+G80) -> 27664.69 | H69: =IF(G$190=0,0,100*G69/G$190) -> 10.50018
B70: 5.1 | C70: Telhado | G70: =SUM(G71:G75) -> 27386.1 | H70: =IF(G$190=0,0,100*G70/G$190) -> 10.394441
C71: Estrutura p/telhado | D71: m² | E71: 186 | F71: 49.19 | G71: =E71*F71 -> 9149.34 | H71: =IF(G$190=0,0,100*G71/G$190) -> 3.4726475
C72: Fibrocimento 6mm | D72: m² | E72: 186 | F72: 79.19 | G72: =E72*F72 -> 14729.34 | H72: =IF(G$190=0,0,100*G72/G$190) -> 5.590546
C73: Calhas, rufos, condutores e algerosas chapa galv. 0,50mm | D73: m | E73: 76 | F73: 41.52 | G73: =E73*F73 -> 3155.52 | H73: =IF(G$190=0,0,100*G73/G$190) -> 1.197683
C74: Cumeeiras, espessura 0,50mm | D74: m | E74: 15 | F74: 23.46 | G74: =E74*F74 -> 351.9 | H74: =IF(G$190=0,0,100*G74/G$190) -> 0.13356424
B76: 5.2 Impermeabilizações | G76: =SUM(G77:G79) -> 278.59 | H76: =IF(G$190=0,0,100*G76/G$190) -> 0.10573931
C77: Terraços | D77: m² | G77: =E77*F77 -> 0 | H77: =IF(G$190=0,0,100*G77/G$190) -> 0
C78: Calhas | D78: m² | G78: =E78*F78 -> 0 | H78: =IF(G$190=0,0,100*G78/G$190) -> 0
C79: Caixa d'água | D79: m² | E79: 6.5 | F79: 42.86 | G79: =E79*F79 -> 278.59 | H79: =IF(G$190=0,0,100*G79/G$190) -> 0.10573931
B83: 6. REVESTIMENTOS, ELEM. DEC. E PINTURAS | G83: =SUM(G84+G88+G92+G97+G101) -> 54265.379 | H83: =IF(G$190=0,0,100*G83/G$190) -> 20.596517
B84: 6.1 | C84: Revestimentos Internos | G84: =SUM(G85:G87) -> 17100.127 | H84: =IF(G$190=0,0,100*G84/G$190) -> 6.4903821
C85: Chapisco | D85: m² | G85: =E85*F85 -> 0 | H85: =IF(G$190=0,0,100*G85/G$190) -> 0
C86: Emboço | D86: m² | E86: 408.41 | F86: 28.57 | G86: =E86*F86 -> 11668.274 | H86: =IF(G$190=0,0,100*G86/G$190) -> 4.4287131
C87: Reboco | D87: m² | E87: 408.41 | F87: 13.3 | G87: =E87*F87 -> 5431.853 | H87: =IF(G$190=0,0,100*G87/G$190) -> 2.061669
B88: 6.2 | C88: Azulejos | G88: =SUM(G89:G91) -> 9040.497 | H88: =IF(G$190=0,0,100*G88/G$190) -> 3.431336
C89: Azulejo banheiro e piscina | D89: m² | E89: 97 | F89: 81.31 | G89: =E89*F89 -> 7887.07 | H89: =IF(G$190=0,0,100*G89/G$190) -> 2.9935508
H90: =IF(G$190=0,0,100*G90/G$190) -> 0
C91: Rejuntamento | D91: m² | E91: 108.1 | F91: 10.67 | G91: =E91*F91 -> 1153.427 | H91: =IF(G$190=0,0,100*G91/G$190) -> 0.43778518
B92: 6.3 | C92: Revestimentos Externos | G92: =SUM(G93:G96) -> 11777.008 | H92: =IF(G$190=0,0,100*G92/G$190) -> 4.4699834
C93: Chapisco | D93: m² | H93: =IF(G$190=0,0,100*G93/G$190) -> 0
C94: Emboço | D94: m² | E94: 206.4 | F94: 28.57 | G94: =E94*F94 -> 5896.848 | H94: =IF(G$190=0,0,100*G94/G$190) -> 2.2381587
C95: Reboco | D95: m² | E95: 206.4 | F95: 13.3 | G95: =E95*F95 -> 2745.12 | H95: =IF(G$190=0,0,100*G95/G$190) -> 1.041915
C96: Detalhes em revestimento porcelanato | D96: m² | E96: 32 | F96: 97.97 | G96: =E96*F96 -> 3135.04 | H96: =IF(G$190=0,0,100*G96/G$190) -> 1.1899098
B97: 6.4 | C97: Forros | G97: =SUM(G98:G100) -> 7787.82 | H97: =IF(G$190=0,0,100*G97/G$190) -> 2.9558803
C98: Laje pré-moldada: chapisco | D98: m² | G98: =E98*F98 -> 0 | H98: =IF(G$190=0,0,100*G98/G$190) -> 0
C99: Laje pré-moldada: emboço | D99: m² | E99: 186 | F99: 28.57 | G99: =E99*F99 -> 5314.02 | H99: =IF(G$190=0,0,100*G99/G$190) -> 2.0169453
C100: Laje pré-moldada: reboco | D100: m² | E100: 186 | F100: 13.3 | G100: =E100*F100 -> 2473.8 | H100: =IF(G$190=0,0,100*G100/G$190) -> 0.93893499
B101: 6.5 | C101: Pinturas | G101: =SUM(G102:G106) -> 8559.927 | H101: =IF(G$190=0,0,100*G101/G$190) -> 3.2489348
C102: Fundo preparador acrilico | D102: m² | E102: 342 | F102: 7.11 | G102: =E102*F102 -> 2431.62 | H102: =IF(G$190=0,0,100*G102/G$190) -> 0.9229255
C103: Tinta acrílica | D103: m² | E103: 342 | F103: 15.75 | G103: =E103*F103 -> 5386.5 | H103: =IF(G$190=0,0,100*G103/G$190) -> 2.0444552
C104: Esmalte | D104: m² | E104: 38.1 | F104: 19.47 | G104: =E104*F104 -> 741.807 | H104: =IF(G$190=0,0,100*G104/G$190) -> 0.28155411
C105: Óleo sobre madeira | D105: m² | G105: =E105*F105 -> 0 | H105: =IF(G$190=0,0,100*G105/G$190) -> 0
G106: =E106*F106 -> 0 | H106: =IF(G$190=0,0,100*G106/G$190) -> 0
B107: 7. PAVIMENTAÇÃO | G107: =SUM(G108+G111+G114+G117+G121+G125) -> 18404.658 | H107: =IF(G$190=0,0,100*G107/G$190) -> 6.9855192
B108: 7.1 | C108: Madeira | G108: =SUM(G109:G110) -> 0 | H108: =IF(G$190=0,0,100*G108/G$190) -> 0
C109: Tacos | D109: m² | G109: =E109*F109 -> 0 | H109: =IF(G$190=0,0,100*G109/G$190) -> 0
C110: Tábua Corrida | D110: m² | G110: =E110*F110 -> 0 | H110: =IF(G$190=0,0,100*G110/G$190) -> 0
B111: 7.2 | C111: Cerâmica | G111: =SUM(G112:G113) -> 8158.5 | H111: =IF(G$190=0,0,100*G111/G$190) -> 3.0965725
C112: Cerâmica colada | D112: m² | E112: 126 | F112: 60.18 | G112: =E112*F112 -> 7582.68 | H112: =IF(G$190=0,0,100*G112/G$190) -> 2.8780191
C113: Rejuntamento | D113: m² | E113: 126 | F113: 4.57 | G113: =E113*F113 -> 575.82 | H113: =IF(G$190=0,0,100*G113/G$190) -> 0.21855346
B114: 7.3 | C114: Carpete | G114: =G115+G116 -> 0 | H114: =IF(G$190=0,0,100*G114/G$190) -> 0
C115: Carpete | D115: m² | G115: =E115*F115 -> 0 | H115: =IF(G$190=0,0,100*G115/G$190) -> 0
G116: =E116*F116 -> 0 | H116: =IF(G$190=0,0,100*G116/G$190) -> 0
B117: 7.4 | C117: Cimentado | G117: =SUM(G118:G120) -> 5652.528 | H117: =IF(G$190=0,0,100*G117/G$190) -> 2.1454266
...

Sheet Orç.Resumo
B5: ORÇAMENTO RESUMO
C6: CENTRO DE SAÚDE DO IDOSO
B8: PROPONENTE/CONSTRUTORA
B9: MUNICÍPIO DE UBIRETAMA
B11: Endereço da Obra
B12: =Orçamento!B17 -> PRAÇA CENTRAL FRENTE PRA RUA MISSÕES
B14: Cidade
B15: =Orçamento!B20 -> UBIRETAMA / RS
B18: SERVIÇO | E18: VALOR | F18: PESO
B19: 1. SERVIÇOS PRELIMINARES/GERAIS | E19: =Orçamento!G24 -> 4889.9616 | F19: =IF(E19=0,0,E19/$E$54*100) -> 1.8559932
B20: 2. INFRA-ESTRUTURA | E20: =Orçamento!G32 -> 26166.242 | F20: =IF(E20=0,0,E20/$E$54*100) -> 9.9314416
B21: 3. SUPRA ESTRUTURA | E21: =Orçamento!G43 -> 23832.609 | F21: =IF(E21=0,0,E21/$E$54*100) -> 9.0457072
B22: 4. PAREDES E PAINÉIS | E22: =Orçamento!G47 -> 56437.26 | F22: =IF(E22=0,0,E22/$E$54*100) -> 21.420858
B23: 4.1 | C23: Alvenarias | E23: =Orçamento!G48 -> 24765.002 | F23: =IF(E23=0,0,E23/$E$54*100) -> 9.3995986
B24: 4.2.1 | C24: Esquadrias de Alumínio | E24: =Orçamento!G55 -> 25385.958 | F24: =IF(E24=0,0,E24/$E$54*100) -> 9.6352835
B25: 4.2.2 | C25: Esquadrias de Ferro | E25: =Orçamento!G58 -> 0 | F25: =IF(E25=0,0,E25/$E$54*100) -> 0
B26: 4.3 | C26: Esquadrias de Madeira | E26: =Orçamento!G62 -> 6286.3 | F26: =IF(E26=0,0,E26/$E$54*100) -> 2.3859758
B27: 4.4 | C27: Ferragens | E27: =Orçamento!G64 -> 0 | F27: =IF(E27=0,0,E27/$E$54*100) -> 0
B28: 4.5 | C28: Vidros e plásticos | E28: =Orçamento!G66 -> 0 | F28: =IF(E28=0,0,E28/$E$54*100) -> 0
B29: 5. COBERTURAS E PROTEÇÕES | E29: =Orçamento!G69 -> 27664.69 | F29: =IF(E29=0,0,E29/$E$54*100) -> 10.50018
B30: 5.1 | C30: Telhado | E30: =Orçamento!G70 -> 27386.1 | F30: =IF(E30=0,0,E30/$E$54*100) -> 10.394441
B31: 5.2 | C31: Impermeabilizações | E31: =Orçamento!G76 -> 278.59 | F31: =IF(E31=0,0,E31/$E$54*100) -> 0.10573931
B32: 5.3 | C32: Tratamentos | E32: =Orçamento!G80 -> 0 | F32: =IF(E32=0,0,E32/$E$54*100) -> 0
B33: 6. REVESTIMENTOS, ELEM. DEC. E PINTURAS | E33: =Orçamento!G83 -> 54265.379 | F33: =IF(E33=0,0,E33/$E$54*100) -> 20.596517
B34: 6.1 | C34: Revestimentos Internos | E34: =Orçamento!G84 -> 17100.127 | F34: =IF(E34=0,0,E34/$E$54*100) -> 6.4903821
B35: 6.2 | C35: Azulejos | E35: =Orçamento!G88 -> 9040.497 | F35: =IF(E35=0,0,E35/$E$54*100) -> 3.431336
B36: 6.3 | C36: Revestimentos Externos | E36: =Orçamento!G92 -> 11777.008 | F36: =IF(E36=0,0,E36/$E$54*100) -> 4.4699834
B37: 6.4 | C37: Forros | E37: =Orçamento!G97 -> 7787.82 | F37: =IF(E37=0,0,E37/$E$54*100) -> 2.9558803
B38: 6.5 | C38: Pinturas | E38: =Orçamento!G101 -> 8559.927 | F38: =IF(E38=0,0,E38/$E$54*100) -> 3.2489348
B39: 7. PAVIMENTAÇÕES | E39: =Orçamento!G107 -> 18404.658 | F39: =IF(E39=0,0,E39/$E$54*100) -> 6.9855192
B40: 7.1 | C40: Madeira | E40: =Orçamento!G108 -> 0 | F40: =IF(E40=0,0,E40/$E$54*100) -> 0
B41: 7.2 | C41: Cerâmica | E41: =Orçamento!G111 -> 8158.5 | F41: =IF(E41=0,0,E41/$E$54*100) -> 3.0965725
B42: 7.3 | C42: Carpete | E42: =Orçamento!G114 -> 0 | F42: =IF(E42=0,0,E42/$E$54*100) -> 0
B43: 7.4 | C43: Cimentado | E43: =Orçamento!G117 -> 5652.528 | F43: =IF(E43=0,0,E43/$E$54*100) -> 2.1454266
B44: 7.5 | C44: Rodapés, Soleiras e Peitoris | E44: =Orçamento!G121 -> 4593.63 | F44: =IF(E44=0,0,E44/$E$54*100) -> 1.7435201
B45: 7.6 | C45: Pavimentações especiais | E45: =Orçamento!G125 -> 0 | F45: =IF(E45=0,0,E45/$E$54*100) -> 0
B46: 8. INSTALAÇÕES E APARELHOS | E46: =Orçamento!G128 -> 48447.92 | F46: =IF(E46=0,0,E46/$E$54*100) -> 18.38849
B47: 8.1 | C47: Instalações Elétricas/Telefônicas | E47: =Orçamento!G129 -> 31592.94 | F47: =IF(E47=0,0,E47/$E$54*100) -> 11.991154
B48: 8.2 | C48: Hidráulicas, Gás e Incêndio | E48: =Orçamento!G145 -> 5386.23 | F48: =IF(E48=0,0,E48/$E$54*100) -> 2.0443527
B49: 8.3 | C49: Esgoto e Águas Pluviais | E49: =Orçamento!G153 -> 8132.41 | F49: =IF(E49=0,0,E49/$E$54*100) -> 3.08667
B50: 8.4 | C50: Instalações Mecânicas | E50: =Orçamento!G160 -> 0 | F50: =IF(E50=0,0,E50/$E$54*100) -> 0
B51: 8.5 | C51: Aparelhos | E51: =Orçamento!G165 -> 2510.44 | F51: =IF(E51=0,0,E51/$E$54*100) -> 0.95284177
B52: 8.6 | C52: Metais | E52: =Orçamento!G174 -> 825.9 | F52: =IF(E52=0,0,E52/$E$54*100) -> 0.31347175
B53: 9. COMPLEMENTAÇÃO DA OBRA | E53: =Orçamento!G181 -> 3360 | F53: =IF(E53=0,0,E53/$E$54*100) -> 1.2752937
B54: VALOR TOTAL | E54: =Orçamento!G190 -> 263468.72 | F54: =Orçamento!H190 -> 100
B56: Responsável Técnico - CREA: | D56: =Orçamento!D192 -> 0
B59: Eng. Roque Antônio Dewes | E59: Prefeito Municipal

Sheet Cronograma
B1: CRONOGRAMA FÍSICO-FINANCEIRO - CENTRO DE SAÚDE DO IDOSO 1ª ETAPA
B3: PROPONENTE/CONSTRUTORA: | O3: =Orçamento!H13 -> 0
B4: =Orçamento!B14 -> MUNICÍPIO DE UBIRETAMA | H4: Data | I4: 06 de maio 2023
B6: Endereço da Obra | H6: Cidade
B7: =Orçamento!B17 -> PRAÇA CENTRAL FRENTE PRA RUA MISSÕES | H7: UBIRETAMA / RS | N7: Área: 160,00m²
G9: EXECU- | L9: SERVIÇOS A EXECUTAR (%)
B10: ITEM | C10: SERVIÇOS | E10: CUSTO | F10: PESO | G10: TADO | H10: MÊS - 1 | J10: MÊS - 2 | L10: MÊS - 3 | N10: MÊS - 4 | P10: MÊS - 5 | R10: MÊS - 6
E11: TOTAL | F11: % | G11: % | H11: MÊS | I11: ACUM. | J11: MÊS | K11: ACUM. | L11: MÊS | M11: ACUM. | N11: MÊS | O11: ACUM. | P11: MÊS | Q11: ACUM. | R11: MÊS | S11: ACUM.
B12: 1 | C12: SERV. PRELIM./GERAIS | E12: =Orçamento!G24 -> 4889.9616 | F12: =Orçamento!H24 -> 1.8559932 | H12: 100 | I12: =H12+G12 -> 100 | K12: =I12+J12 -> 100 | M12: =K12+L12 -> 100 | O12: =M12+N12 -> 100 | Q12: =O12+P12 -> 100 | S12: =Q12+R12 -> 100
B13: 2 | C13: INFRA-ESTRUTURA | E13: =Orçamento!G32 -> 26166.242 | F13: =Orçamento!H32 -> 9.9314416 | H13: 100 | I13: =H13+G13 -> 100 | K13: =I13+J13 -> 100 | M13: =K13+L13 -> 100 | O13: =M13+N13 -> 100 | Q13: =O13+P13 -> 100 | S13: =Q13+R13 -> 100
B14: 3 | C14: SUPRA-ESTRUTURA | E14: =Orçamento!G43 -> 23832.609 | F14: =Orçamento!H43 -> 9.0457072 | I14: =H14+G14 -> 0 | J14: 100 | K14: =I14+J14 -> 100 | M14: =K14+L14 -> 100 | O14: =M14+N14 -> 100 | Q14: =O14+P14 -> 100 | S14: =Q14+R14 -> 100
B15: 4 | C15: PAREDES E PAINÉIS
B16: 4.1 | C16: Alvenarias | E16: =Orçamento!G48 -> 24765.002 | F16: =Orçamento!H48 -> 9.3995986 | H16: 70 | I16: =H16+G16 -> 70 | J16: 30 | K16: =I16+J16 -> 100 | M16: =K16+L16 -> 100 | O16: =M16+N16 -> 100 | Q16: =O16+P16 -> 100 | S16: =Q16+R16 -> 100
B17: 4.2.1 | C17: Esquadrias de Alumínio | E17: =Orçamento!G55 -> 25385.958 | F17: =Orçamento!H55 -> 9.6352835 | I17: =H17+G17 -> 0 | K17: =I17+J17 -> 0 | M17: =K17+L17 -> 0 | O17: =M17+N17 -> 0 | P17: 100 | Q17: =O17+P17 -> 100 | S17: =Q17+R17 -> 100
B18: 4.2.2 | C18: Esquadrias de Ferro | E18: =Orçamento!G58 -> 0 | F18: =Orçamento!H58 -> 0 | I18: =H18+G18 -> 0 | K18: =I18+J18 -> 0 | M18: =K18+L18 -> 0 | O18: =M18+N18 -> 0 | Q18: =O18+P18 -> 0 | S18: =Q18+R18 -> 0
B19: 4.3 | C19: Esquadrias de Madeira | E19: =Orçamento!G62 -> 6286.3 | F19: =Orçamento!H62 -> 2.3859758 | I19: =H19+G19 -> 0 | K19: =I19+J19 -> 0 | M19: =K19+L19 -> 0 | O19: =M19+N19 -> 0 | P19: 100 | Q19: =O19+P19 -> 100 | S19: =Q19+R19 -> 100
B20: 4.4 | C20: Ferragens | E20: =Orçamento!G64 -> 0 | F20: =Orçamento!H64 -> 0 | I20: =H20+G20 -> 0 | K20: =I20+J20 -> 0 | M20: =K20+L20 -> 0 | O20: =M20+N20 -> 0 | Q20: =O20+P20 -> 0 | S20: =Q20+R20 -> 0
B21: 4.5 | C21: Vidros e Plásticos | E21: =Orçamento!G66 -> 0 | F21: =Orçamento!H66 -> 0 | I21: =H21+G21 -> 0 | K21: =I21+J21 -> 0 | M21: =K21+L21 -> 0 | O21: =M21+N21 -> 0 | Q21: =O21+P21 -> 0 | S21: =Q21+R21 -> 0
B22: 5 | C22: COBERTURAS/PROTEÇÕES
B23: 5.1 | C23: Telhados | E23: =Orçamento!G70 -> 27386.1 | F23: =Orçamento!H70 -> 10.394441 | I23: =H23+G23 -> 0 | J23: 70 | K23: =I23+J23 -> 70 | L23: 30 | M23: =K23+L23 -> 100 | O23: =M23+N23 -> 100 | Q23: =O23+P23 -> 100 | S23: =Q23+R23 -> 100
B24: 5.2 | C24: Impermeabilizações | E24: =Orçamento!G76 -> 278.59 | F24: =Orçamento!H76 -> 0.10573931 | I24: =H24+G24 -> 0 | K24: =I24+J24 -> 0 | M24: =K24+L24 -> 0 | N24: 100 | O24: =M24+N24 -> 100 | Q24: =O24+P24 -> 100 | S24: =Q24+R24 -> 100
B25: 5.3 | C25: Pergolado | E25: =Orçamento!G80 -> 0 | F25: =Orçamento!H80 -> 0 | I25: =H25+G25 -> 0 | K25: =I25+J25 -> 0 | M25: =K25+L25 -> 0 | O25: =M25+N25 -> 0 | S25: =Q25+R25 -> 0
B26: 6 | C26: REVEST.,ELEM.DEC.,PINT.
B27: 6.1 | C27: Revestimentos Internos | E27: =Orçamento!G84 -> 17100.127 | F27: =Orçamento!H84 -> 6.4903821 | I27: =H27+G27 -> 0 | K27: =I27+J27 -> 0 | L27: 50 | M27: =K27+L27 -> 50 | N27: 50 | O27: =M27+N27 -> 100 | Q27: =O27+P27 -> 100 | S27: =Q27+R27 -> 100
B28: 6.2 | C28: Azulejos | E28: =Orçamento!G88 -> 9040.497 | F28: =Orçamento!H88 -> 3.431336 | I28: =H28+G28 -> 0 | K28: =I28+J28 -> 0 | M28: =K28+L28 -> 0 | O28: =M28+N28 -> 0 | P28: 100 | Q28: =O28+P28 -> 100 | S28: =Q28+R28 -> 100
B29: 6.3 | C29: Revestimentos Externos | E29: =Orçamento!G92 -> 11777.008 | F29: =Orçamento!H92 -> 4.4699834 | I29: =H29+G29 -> 0 | K29: =I29+J29 -> 0 | L29: 30 | M29: =K29+L29 -> 30 | N29: 70 | O29: =M29+N29 -> 100 | Q29: =O29+P29 -> 100 | S29: =Q29+R29 -> 100
B30: 6.4 | C30: Forros | E30: =Orçamento!G97 -> 7787.82 | F30: =Orçamento!H97 -> 2.9558803 | I30: =H30+G30 -> 0 | K30: =I30+J30 -> 0 | M30: =K30+L30 -> 0 | O30: =M30+N30 -> 0 | P30: 100 | Q30: =O30+P30 -> 100 | S30: =Q30+R30 -> 100
B31: 6.5 | C31: Pinturas | E31: =Orçamento!G101 -> 8559.927 | F31: =Orçamento!H101 -> 3.2489348 | I31: =H31+G31 -> 0 | K31: =I31+J31 -> 0 | M31: =K31+L31 -> 0 | O31: =M31+N31 -> 0 | Q31: =O31+P31 -> 0 | R31: 100 | S31: =Q31+R31 -> 100
B32: 7 | C32: PAVIMENTAÇÃO
B33: 7.1 | C33: Madeiras | E33: =Orçamento!G108 -> 0 | F33: =Orçamento!H108 -> 0 | I33: =H33+G33 -> 0 | K33: =I33+J33 -> 0 | M33: =K33+L33 -> 0 | O33: =M33+N33 -> 0 | Q33: =O33+P33 -> 0 | S33: =Q33+R33 -> 0
B34: 7.2 | C34: Cerâmicas | E34: =Orçamento!G111 -> 8158.5 | F34: =Orçamento!H111 -> 3.0965725 | I34: =H34+G34 -> 0 | K34: =I34+J34 -> 0 | L34: 30 | M34: =K34+L34 -> 30 | N34: 70 | O34: =M34+N34 -> 100 | Q34: =O34+P34 -> 100 | S34: =Q34+R34 -> 100
B35: 7.3 | C35: Carpetes | E35: =Orçamento!G114 -> 0 | F35: =Orçamento!H114 -> 0 | I35: =H35+G35 -> 0 | K35: =I35+J35 -> 0 | M35: =K35+L35 -> 0 | O35: =M35+N35 -> 0 | Q35: =O35+P35 -> 0 | S35: =Q35+R35 -> 0
B36: 7.4 | C36: Cimentados | E36: =Orçamento!G117 -> 5652.528 | F36: =Orçamento!H117 -> 2.1454266 | I36: =H36+G36 -> 0 | K36: =I36+J36 -> 0 | L36: 100 | M36: =K36+L36 -> 100 | O36: =M36+N36 -> 100 | Q36: =O36+P36 -> 100 | S36: =Q36+R36 -> 100
B37: 7.5 | C37: Rodapés, Soleiras e Peitoris | E37: =Orçamento!G121 -> 4593.63 | F37: =Orçamento!H121 -> 1.7435201 | I37: =H37+G37 -> 0 | K37: =I37+J37 -> 0 | M37: =K37+L37 -> 0 | N37: 100 | O37: =M37+N37 -> 100 | Q37: =O37+P37 -> 100 | S37: =Q37+R37 -> 100
B38: 7.6 | C38: Pavimentações Especiais | E38: =Orçamento!G125 -> 0 | F38: =Orçamento!H125 -> 0 | I38: =H38+G38 -> 0 | K38: =I38+J38 -> 0 | M38: =K38+L38 -> 0 | O38: =M38+N38 -> 0 | Q38: =O38+P38 -> 0 | S38: =Q38+R38 -> 0
B39: 8 | C39: INSTALAÇÕES/APARELHOS
B40: 8.1 | C40: Elétricas/Telefônicas | E40: =Orçamento!G129 -> 31592.94 | F40: =Orçamento!H129 -> 11.991154 | H40: 20 | I40: =H40+G40 -> 20 | J40: 20 | K40: =I40+J40 -> 40 | L40: 20 | M40: =K40+L40 -> 60 | N40: 10 | O40: =M40+N40 -> 70 | P40: 20 | Q40: =O40+P40 -> 90 | R40: 10 | S40: =Q40+R40 -> 100
B41: 8.2 | C41: Hidraúlica, Gás e Incêndio | E41: =Orçamento!G145 -> 5386.23 | F41: =Orçamento!H145 -> 2.0443527 | H41: 20 | I41: =H41+G41 -> 20 | J41: 20 | K41: =I41+J41 -> 40 | L41: 20 | M41: =K41+L41 -> 60 | N41: 10 | O41: =M41+N41 -> 70 | P41: 20 | Q41: =O41+P41 -> 90 | R41: 10 | S41: =Q41+R41 -> 100
B42: 8.3 | C42: Esgoto e Águas Pluviais | E42: =Orçamento!G153 -> 8132.41 | F42: =Orçamento!H153 -> 3.08667 | H42: 10 | I42: =H42+G42 -> 10 | J42: 30 | K42: =I42+J42 -> 40 | L42: 10 | M42: =K42+L42 -> 50 | N42: 10 | O42: =M42+N42 -> 60 | P42: 30 | Q42: =O42+P42 -> 90 | R42: 10 | S42: =Q42+R42 -> 100
B43: 8.4 | C43: Instalações Mecânicas | E43: =Orçamento!G160 -> 0 | F43: =Orçamento!H160 -> 0 | I43: =H43+G43 -> 0 | K43: =I43+J43 -> 0 | M43: =K43+L43 -> 0 | O43: =M43+N43 -> 0 | Q43: =O43+P43 -> 0 | R43: 100 | S43: =Q43+R43 -> 100
B44: 8.5 | C44: Aparelhos | E44: =Orçamento!G165 -> 2510.44 | F44: =Orçamento!H165 -> 0.95284177 | I44: =H44+G44 -> 0 | K44: =I44+J44 -> 0 | M44: =K44+L44 -> 0 | O44: =M44+N44 -> 0 | Q44: =O44+P44 -> 0 | R44: 100 | S44: =Q44+R44 -> 100
B45: 8.6 | C45: Metais | E45: =Orçamento!G174 -> 825.9 | F45: =Orçamento!H174 -> 0.31347175 | I45: =H45+G45 -> 0 | K45: =I45+J45 -> 0 | M45: =K45+L45 -> 0 | O45: =M45+N45 -> 0 | Q45: =O45+P45 -> 0 | R45: 100 | S45: =Q45+R45 -> 100
B46: 9 | C46: COMPLEMENTAÇÃO OBRA | E46: =Orçamento!G181 -> 3360 | F46: =Orçamento!H181 -> 1.2752937 | I46: =H46+G46 -> 0 | K46: =I46+J46 -> 0 | M46: =K46+L46 -> 0 | O46: =M46+N46 -> 0 | Q46: =O46+P46 -> 0 | R46: 100 | S46: =Q46+R46 -> 100
B48: TOTAL | E48: =SUM(E12:E46) -> 263468.72 | F48: =SUM(F12:F46) -> 100 | G48: =SUMPRODUCT(G12:G46,$F$12:$F$46)/100 -> 0 | H48: =F12+F13+(F16*0.7)+(F40*0.2)+(F41*0.2)+(F42*0.1) -> 21.482922 | I48: =H48+G48 -> 21.482922 | J48: =(F16*0.3)+(F23*0.7)+(F40*0.2)+(F41*0.2)+(F42*0.3)+F14 -> 22.874798 | K48: =I48+J48 -> 44.35772 | L48: =(F23*0.3)+(F27*0.5)+(F29*0.3)+(F34*0.3)+F36+(F40*0.2)+(F41*0.2)+(F42*0.1) -> 13.894685 | M48: =K48+L48 -> 58.252405 | N48: =F37+(F27*0.5)+(F29*0.7)+(F34*0.7)+(F40*0.1)+(F41*0.1)+(F42*0.1)+F24 -> 12.103257 | O48: =M48+N48 -> 70.355662 | P48: =(F42*0.3)+(F41*0.2)+(F40*0.2)+(F30)+F28+F19+F17 -> 22.141578 | Q48: =O48+P48 -> 92.49724 | R48: =F46+F45+F44+(F42*0.1)+(F41*0.1)+(F40*0.1)+F31+F43 -> 7.5027597 | S48: =Q48+R48 -> 100
B50: Responsável Técnico pelo projeto - CREA
B51: =Orçamento!D192 -> 0
H52: Eng. Roque Antônio Dewes | N52: Prefeito Municipal

Sheet Cronograma (2)
B1: 1º) O cronograma deverá prever percentuais mensais e prazo compatíveis com a obra.
B2: 2º) A última parcela deverá ser de no mínimo 5%
B6: CRONOGRAMA FÍSICO-FINANCEIRO
B8: PROPONENTE/CONSTRUTORA: | F8: MODALIDADE | H8: CONSTRUÇÃO | L8: DATA | M8: =Orçamento!H13 -> 0
B9: =Orçamento!B14 -> MUNICÍPIO DE UBIRETAMA
B11: Endereço da Obra | F11: Cidade
B12: =Orçamento!B17 -> PRAÇA CENTRAL FRENTE PRA RUA MISSÕES | F12: =Orçamento!B20 -> UBIRETAMA / RS
J14: SERVIÇOS A EXECUTAR (%)
B15: ITEM | C15: SERVIÇOS | E15: PESO | F15: MÊS - 7 | H15: MÊS - 8 | J15: MÊS - 9 | L15: MÊS - 10 | N15: MÊS - 11 | P15: MÊS - 12
E16: % | F16: MÊS | G16: ACUM. | H16: MÊS | I16: ACUM. | J16: MÊS | K16: ACUM. | L16: MÊS | M16: ACUM. | N16: MÊS | O16: ACUM. | P16: MÊS | Q16: ACUM.
B17: 1 | C17: SERV. PRELIM./GERAIS | E17: =Orçamento!H24 -> 1.8559932 | G17: =Cronograma!S12+F17 -> 100 | I17: =G17+H17 -> 100 | K17: =I17+J17 -> 100 | M17: =K17+L17 -> 100 | O17: =M17+N17 -> 100 | Q17: =O17+P17 -> 100
B18: 2 | C18: INFRA-ESTRUTURA | E18: =Orçamento!H32 -> 9.9314416 | G18: =Cronograma!S13+F18 -> 100 | I18: =G18+H18 -> 100 | K18: =I18+J18 -> 100 | M18: =K18+L18 -> 100 | O18: =M18+N18 -> 100 | Q18: =O18+P18 -> 100
B19: 3 | C19: SUPRA-ESTRUTURA | E19: =Orçamento!H43 -> 9.0457072 | G19: =Cronograma!S14+F19 -> 100 | I19: =G19+H19 -> 100 | K19: =I19+J19 -> 100 | M19: =K19+L19 -> 100 | O19: =M19+N19 -> 100 | Q19: =O19+P19 -> 100
B20: 4 | C20: PAREDES E PAINÉIS
B21: 4.1 | C21: Alvenarias | E21: =Orçamento!H48 -> 9.3995986 | G21: =Cronograma!S16+F21 -> 100 | I21: =G21+H21 -> 100 | K21: =I21+J21 -> 100 | M21: =K21+L21 -> 100 | O21: =M21+N21 -> 100 | Q21: =O21+P21 -> 100
B22: 4.2.1 | C22: Esquadrias de Alumínio | E22: =Orçamento!H55 -> 9.6352835 | G22: =Cronograma!S17+F22 -> 100 | I22: =G22+H22 -> 100 | K22: =I22+J22 -> 100 | M22: =K22+L22 -> 100 | O22: =M22+N22 -> 100 | Q22: =O22+P22 -> 100
B23: 4.2.2 | C23: Esquadrias de Ferro | E23: =Orçamento!H58 -> 0 | G23: =Cronograma!S18+F23 -> 0 | I23: =G23+H23 -> 0 | K23: =I23+J23 -> 0 | M23: =K23+L23 -> 0 | O23: =M23+N23 -> 0 | Q23: =O23+P23 -> 0
B24: 4.3 | C24: Esquadrias de Madeira | E24: =Orçamento!H62 -> 2.3859758 | F24: 100 | G24: =Cronograma!S19+F24 -> 200 | I24: =G24+H24 -> 200 | K24: =I24+J24 -> 200 | M24: =K24+L24 -> 200 | O24: =M24+N24 -> 200 | Q24: =O24+P24 -> 200
B25: 4.4 | C25: Ferragens | E25: =Orçamento!H64 -> 0 | G25: =Cronograma!S20+F25 -> 0 | I25: =G25+H25 -> 0 | K25: =I25+J25 -> 0 | M25: =K25+L25 -> 0 | O25: =M25+N25 -> 0 | Q25: =O25+P25 -> 0
B26: 4.5 | C26: Vidros e Plásticos | E26: =Orçamento!H66 -> 0 | G26: =Cronograma!S21+F26 -> 0 | I26: =G26+H26 -> 0 | K26: =I26+J26 -> 0 | M26: =K26+L26 -> 0 | O26: =M26+N26 -> 0 | Q26: =O26+P26 -> 0
B27: 5 | C27: COBERTURAS/PROTEÇÕES
B28: 5.1 | C28: Telhados | E28: =Orçamento!H70 -> 10.394441 | G28: =Cronograma!S23+F28 -> 100 | I28: =G28+H28 -> 100 | K28: =I28+J28 -> 100 | M28: =K28+L28 -> 100 | O28: =M28+N28 -> 100 | Q28: =O28+P28 -> 100
B29: 5.2 | C29: Impermeabilizações | E29: =Orçamento!H76 -> 0.10573931 | G29: =Cronograma!S24+F29 -> 100 | I29: =G29+H29 -> 100 | K29: =I29+J29 -> 100 | M29: =K29+L29 -> 100 | O29: =M29+N29 -> 100 | Q29: =O29+P29 -> 100
B30: 5.3 | C30: Tratamentos | E30: =Orçamento!H80 -> 0 | G30: =Cronograma!S25+F30 -> 0 | I30: =G30+H30 -> 0 | K30: =I30+J30 -> 0 | M30: =K30+L30 -> 0 | O30: =M30+N30 -> 0 | Q30: =O30+P30 -> 0
B31: 6 | C31: REVEST.,ELEM.DEC.,PINT.
B32: 6.1 | C32: Revestimentos Internos | E32: =Orçamento!H84 -> 6.4903821 | G32: =Cronograma!S27+F32 -> 100 | I32: =G32+H32 -> 100 | K32: =I32+J32 -> 100 | M32: =K32+L32 -> 100 | O32: =M32+N32 -> 100 | Q32: =O32+P32 -> 100
B33: 6.2 | C33: Azulejos | E33: =Orçamento!H88 -> 3.431336 | G33: =Cronograma!S28+F33 -> 100 | I33: =G33+H33 -> 100 | K33: =I33+J33 -> 100 | M33: =K33+L33 -> 100 | O33: =M33+N33 -> 100 | Q33: =O33+P33 -> 100
B34: 6.3 | C34: Revestimentos Externos | E34: =Orçamento!H92 -> 4.4699834 | G34: =Cronograma!S29+F34 -> 100 | I34: =G34+H34 -> 100 | K34: =I34+J34 -> 100 | M34: =K34+L34 -> 100 | O34: =M34+N34 -> 100 | Q34: =O34+P34 -> 100
B35: 6.4 | C35: Forros | E35: =Orçamento!H97 -> 2.9558803 | G35: =Cronograma!S30+F35 -> 100 | I35: =G35+H35 -> 100 | K35: =I35+J35 -> 100 | M35: =K35+L35 -> 100 | O35: =M35+N35 -> 100 | Q35: =O35+P35 -> 100
B36: 6.5 | C36: Pinturas | E36: =Orçamento!H101 -> 3.2489348 | G36: =Cronograma!S31+F36 -> 100 | I36: =G36+H36 -> 100 | K36: =I36+J36 -> 100 | M36: =K36+L36 -> 100 | O36: =M36+N36 -> 100 | Q36: =O36+P36 -> 100
B37: 7 | C37: PAVIMENTAÇÃO
B38: 7.1 | C38: Madeiras | E38: =Orçamento!H108 -> 0 | G38: =Cronograma!S33+F38 -> 0 | I38: =G38+H38 -> 0 | K38: =I38+J38 -> 0 | M38: =K38+L38 -> 0 | O38: =M38+N38 -> 0 | Q38: =O38+P38 -> 0
B39: 7.2 | C39: Cerâmicas | E39: =Orçamento!H111 -> 3.0965725 | G39: =Cronograma!S34+F39 -> 100 | I39: =G39+H39 -> 100 | K39: =I39+J39 -> 100 | M39: =K39+L39 -> 100 | O39: =M39+N39 -> 100 | Q39: =O39+P39 -> 100
B40: 7.3 | C40: Carpetes | E40: =Orçamento!H114 -> 0 | G40: =Cronograma!S35+F40 -> 0 | I40: =G40+H40 -> 0 | K40: =I40+J40 -> 0 | M40: =K40+L40 -> 0 | O40: =M40+N40 -> 0 | Q40: =O40+P40 -> 0
B41: 7.4 | C41: Cimentados | E41: =Orçamento!H117 -> 2.1454266 | G41: =Cronograma!S36+F41 -> 100 | I41: =G41+H41 -> 100 | K41: =I41+J41 -> 100 | M41: =K41+L41 -> 100 | O41: =M41+N41 -> 100 | Q41: =O41+P41 -> 100
B42: 7.5 | C42: Rodapés, Soleiras e Peitoris | E42: =Orçamento!H121 -> 1.7435201 | G42: =Cronograma!S37+F42 -> 100 | I42: =G42+H42 -> 100 | K42: =I42+J42 -> 100 | M42: =K42+L42 -> 100 | O42: =M42+N42 -> 100 | Q42: =O42+P42 -> 100
B43: 7.6 | C43: Pavimentações Especiais | E43: =Orçamento!H125 -> 0 | G43: =Cronograma!S38+F43 -> 0 | I43: =G43+H43 -> 0 | K43: =I43+J43 -> 0 | M43: =K43+L43 -> 0 | O43: =M43+N43 -> 0 | Q43: =O43+P43 -> 0
B44: 8 | C44: INSTALAÇÕES/APARELHOS
B45: 8.1 | C45: Elétricas/Telefônicas | E45: =Orçamento!H129 -> 11.991154 | F45: 20 | G45: =Cronograma!S40+F45 -> 120 | I45: =G45+H45 -> 120 | K45: =I45+J45 -> 120 | M45: =K45+L45 -> 120 | O45: =M45+N45 -> 120 | Q45: =O45+P45 -> 120
B46: 8.2 | C46: Hidraúlica, Gás e Incêndio | E46: =Orçamento!H145 -> 2.0443527 | G46: =Cronograma!S41+F46 -> 100 | I46: =G46+H46 -> 100 | K46: =I46+J46 -> 100 | M46: =K46+L46 -> 100 | O46: =M46+N46 -> 100 | Q46: =O46+P46 -> 100
B47: 8.3 | C47: Esgoto e Águas Pluviais | E47: =Orçamento!H153 -> 3.08667 | F47: 10 | G47: =Cronograma!S42+F47 -> 110 | I47: =G47+H47 -> 110 | K47: =I47+J47 -> 110 | M47: =K47+L47 -> 110 | O47: =M47+N47 -> 110 | Q47: =O47+P47 -> 110
B48: 8.4 | C48: Instalações Mecânicas | E48: =Orçamento!H160 -> 0 | G48: =Cronograma!S43+F48 -> 100 | I48: =G48+H48 -> 100 | K48: =I48+J48 -> 100 | M48: =K48+L48 -> 100 | O48: =M48+N48 -> 100 | Q48: =O48+P48 -> 100
B49: 8.5 | C49: Aparelhos | E49: =Orçamento!H165 -> 0.95284177 | G49: =Cronograma!S44+F49 -> 100 | I49: =G49+H49 -> 100 | K49: =I49+J49 -> 100 | M49: =K49+L49 -> 100 | O49: =M49+N49 -> 100 | Q49: =O49+P49 -> 100
B50: 8.6 | C50: Metais | E50: =Orçamento!H174 -> 0.31347175 | F50: 30 | G50: =Cronograma!S45+F50 -> 130 | I50: =G50+H50 -> 130 | K50: =I50+J50 -> 130 | M50: =K50+L50 -> 130 | O50: =M50+N50 -> 130 | Q50: =O50+P50 -> 130
B51: 9 | C51: COMPLEMENTAÇÃO OBRA | E51: =Orçamento!H181 -> 1.2752937 | G51: =Cronograma!S46+F51 -> 100 | H51: 100 | I51: =G51+H51 -> 200 | K51: =I51+J51 -> 200 | M51: =K51+L51 -> 200 | O51: =M51+N51 -> 200 | Q51: =O51+P51 -> 200
B53: TOTAL | E53: =SUM(E17:E51) -> 100 | F53: =SUMPRODUCT(F17:F51,$E$17:$E$51)/100 -> 5.1869152 | G53: =F53+Cronograma!S48 -> 105.18692 | H53: =SUMPRODUCT(H17:H51,$E$17:$E$51)/100 -> 1.2752937 | I53: =G53+H53 -> 106.46221 | J53: =SUMPRODUCT(J17:J51,$E$17:$E$51)/100 -> 0 | K53: =I53+J53 -> 106.46221 | L53: =SUMPRODUCT(L17:L51,$E$17:$E$51)/100 -> 0 | M53: =K53+L53 -> 106.46221 | N53: =SUMPRODUCT(N17:N51,$E$17:$E$51)/100 -> 0 | O53: =M53+N53 -> 106.46221 | P53: =SUMPRODUCT(P17:P51,$E$17:$E$51)/100 -> 0 | Q53: =O53+P53 -> 106.46221
B55: Responsável Técnico - CREA
B56: =Orçamento!D192 -> 0
F57: Responsável Técnico (Assinatura) | L57: Proponente/Construtora (Assinatura)

Sheet Cronograma (3)
B1: 1º) O cronograma deverá prever percentuais mensais e prazo compatíveis com a obra.
B2: 2º) A última parcela deverá ser de no mínimo 5%
B6: CRONOGRAMA FÍSICO-FINANCEIRO
B8: PROPONENTE/CONSTRUTORA: | F8: MODALIDADE | H8: =Cronograma!J3 -> 0 | L8: DATA | M8: =Orçamento!H13 -> 0
B9: =Orçamento!B14 -> MUNICÍPIO DE UBIRETAMA
B11: Endereço da Obra | F11: Cidade
B12: =Orçamento!B17 -> PRAÇA CENTRAL FRENTE PRA RUA MISSÕES | F12: =Orçamento!B20 -> UBIRETAMA / RS
J14: SERVIÇOS A EXECUTAR (%)
B15: ITEM | C15: SERVIÇOS | E15: PESO | F15: MÊS - 13 | H15: MÊS - 14 | J15: MÊS - 15 | L15: MÊS - 16 | N15: MÊS - 17 | P15: MÊS - 18
E16: % | F16: MÊS | G16: ACUM. | H16: MÊS | I16: ACUM. | J16: MÊS | K16: ACUM. | L16: MÊS | M16: ACUM. | N16: MÊS | O16: ACUM. | P16: MÊS | Q16: ACUM.
B17: 1 | C17: SERV. PRELIM./GERAIS | E17: =Orçamento!H24 -> 1.8559932 | G17: ='Cronograma (2)'!Q17+F17 -> 100 | I17: =G17+H17 -> 100 | K17: =I17+J17 -> 100 | M17: =K17+L17 -> 100 | O17: =M17+N17 -> 100 | Q17: =O17+P17 -> 100
B18: 2 | C18: INFRA-ESTRUTURA | E18: =Orçamento!H32 -> 9.9314416 | G18: ='Cronograma (2)'!Q18+F18 -> 100 | I18: =G18+H18 -> 100 | K18: =I18+J18 -> 100 | M18: =K18+L18 -> 100 | O18: =M18+N18 -> 100 | Q18: =O18+P18 -> 100
B19: 3 | C19: SUPRA-ESTRUTURA | E19: =Orçamento!H43 -> 9.0457072 | G19: ='Cronograma (2)'!Q19+F19 -> 100 | I19: =G19+H19 -> 100 | K19: =I19+J19 -> 100 | M19: =K19+L19 -> 100 | O19: =M19+N19 -> 100 | Q19: =O19+P19 -> 100
B20: 4 | C20: PAREDES E PAINÉIS
B21: 4.1 | C21: Alvenarias | E21: =Orçamento!H48 -> 9.3995986 | G21: ='Cronograma (2)'!Q21+F21 -> 100 | I21: =G21+H21 -> 100 | K21: =I21+J21 -> 100 | M21: =K21+L21 -> 100 | O21: =M21+N21 -> 100 | Q21: =O21+P21 -> 100
B22: 4.2.1 | C22: Esquadrias de Alumínio | E22: =Orçamento!H55 -> 9.6352835 | G22: ='Cronograma (2)'!Q22+F22 -> 100 | I22: =G22+H22 -> 100 | K22: =I22+J22 -> 100 | M22: =K22+L22 -> 100 | O22: =M22+N22 -> 100 | Q22: =O22+P22 -> 100
B23: 4.2.2 | C23: Esquadrias de Ferro | E23: =Orçamento!H58 -> 0 | G23: ='Cronograma (2)'!Q23+F23 -> 0 | I23: =G23+H23 -> 0 | K23: =I23+J23 -> 0 | M23: =K23+L23 -> 0 | O23: =M23+N23 -> 0 | Q23: =O23+P23 -> 0
B24: 4.3 | C24: Esquadrias de Madeira | E24: =Orçamento!H62 -> 2.3859758 | G24: ='Cronograma (2)'!Q24+F24 -> 200 | I24: =G24+H24 -> 200 | K24: =I24+J24 -> 200 | M24: =K24+L24 -> 200 | O24: =M24+N24 -> 200 | Q24: =O24+P24 -> 200
B25: 4.4 | C25: Ferragens | E25: =Orçamento!H64 -> 0 | G25: ='Cronograma (2)'!Q25+F25 -> 0 | I25: =G25+H25 -> 0 | K25: =I25+J25 -> 0 | M25: =K25+L25 -> 0 | O25: =M25+N25 -> 0 | Q25: =O25+P25 -> 0
B26: 4.5 | C26: Vidros e Plásticos | E26: =Orçamento!H66 -> 0 | G26: ='Cronograma (2)'!Q26+F26 -> 0 | I26: =G26+H26 -> 0 | K26: =I26+J26 -> 0 | M26: =K26+L26 -> 0 | O26: =M26+N26 -> 0 | Q26: =O26+P26 -> 0
B27: 5 | C27: COBERTURAS/PROTEÇÕES
B28: 5.1 | C28: Telhados | E28: =Orçamento!H70 -> 10.394441 | G28: ='Cronograma (2)'!Q28+F28 -> 100 | I28: =G28+H28 -> 100 | K28: =I28+J28 -> 100 | M28: =K28+L28 -> 100 | O28: =M28+N28 -> 100 | Q28: =O28+P28 -> 100
B29: 5.2 | C29: Impermeabilizações | E29: =Orçamento!H76 -> 0.10573931 | G29: ='Cronograma (2)'!Q29+F29 -> 100 | I29: =G29+H29 -> 100 | K29: =I29+J29 -> 100 | M29: =K29+L29 -> 100 | O29: =M29+N29 -> 100 | Q29: =O29+P29 -> 100
B30: 5.3 | C30: Tratamentos | E30: =Orçamento!H80 -> 0 | G30: ='Cronograma (2)'!Q30+F30 -> 0 | I30: =G30+H30 -> 0 | K30: =I30+J30 -> 0 | M30: =K30+L30 -> 0 | O30: =M30+N30 -> 0 | Q30: =O30+P30 -> 0
B31: 6 | C31: REVEST.,ELEM.DEC.,PINT.
B32: 6.1 | C32: Revestimentos Internos | E32: =Orçamento!H84 -> 6.4903821 | G32: ='Cronograma (2)'!Q32+F32 -> 100 | I32: =G32+H32 -> 100 | K32: =I32+J32 -> 100 | M32: =K32+L32 -> 100 | O32: =M32+N32 -> 100 | Q32: =O32+P32 -> 100
B33: 6.2 | C33: Azulejos | E33: =Orçamento!H88 -> 3.431336 | G33: ='Cronograma (2)'!Q33+F33 -> 100 | I33: =G33+H33 -> 100 | K33: =I33+J33 -> 100 | M33: =K33+L33 -> 100 | O33: =M33+N33 -> 100 | Q33: =O33+P33 -> 100
B34: 6.3 | C34: Revestimentos Externos | E34: =Orçamento!H92 -> 4.4699834 | G34: ='Cronograma (2)'!Q34+F34 -> 100 | I34: =G34+H34 -> 100 | K34: =I34+J34 -> 100 | M34: =K34+L34 -> 100 | O34: =M34+N34 -> 100 | Q34: =O34+P34 -> 100
B35: 6.4 | C35: Forros | E35: =Orçamento!H97 -> 2.9558803 | G35: ='Cronograma (2)'!Q35+F35 -> 100 | I35: =G35+H35 -> 100 | K35: =I35+J35 -> 100 | M35: =K35+L35 -> 100 | O35: =M35+N35 -> 100 | Q35: =O35+P35 -> 100
B36: 6.5 | C36: Pinturas | E36: =Orçamento!H101 -> 3.2489348 | G36: ='Cronograma (2)'!Q36+F36 -> 100 | I36: =G36+H36 -> 100 | K36: =I36+J36 -> 100 | M36: =K36+L36 -> 100 | O36: =M36+N36 -> 100 | Q36: =O36+P36 -> 100
B37: 7 | C37: PAVIMENTAÇÃO
B38: 7.1 | C38: Madeiras | E38: =Orçamento!H108 -> 0 | G38: ='Cronograma (2)'!Q38+F38 -> 0 | I38: =G38+H38 -> 0 | K38: =I38+J38 -> 0 | M38: =K38+L38 -> 0 | O38: =M38+N38 -> 0 | Q38: =O38+P38 -> 0
B39: 7.2 | C39: Cerâmicas | E39: =Orçamento!H111 -> 3.0965725 | G39: ='Cronograma (2)'!Q39+F39 -> 100 | I39: =G39+H39 -> 100 | K39: =I39+J39 -> 100 | M39: =K39+L39 -> 100 | O39: =M39+N39 -> 100 | Q39: =O39+P39 -> 100
B40: 7.3 | C40: Carpetes | E40: =Orçamento!H114 -> 0 | G40: ='Cronograma (2)'!Q40+F40 -> 0 | I40: =G40+H40 -> 0 | K40: =I40+J40 -> 0 | M40: =K40+L40 -> 0 | O40: =M40+N40 -> 0 | Q40: =O40+P40 -> 0
B41: 7.4 | C41: Cimentados | E41: =Orçamento!H117 -> 2.1454266 | G41: ='Cronograma (2)'!Q41+F41 -> 100 | I41: =G41+H41 -> 100 | K41: =I41+J41 -> 100 | M41: =K41+L41 -> 100 | O41: =M41+N41 -> 100 | Q41: =O41+P41 -> 100
B42: 7.5 | C42: Rodapés, Soleiras e Peitoris | E42: =Orçamento!H121 -> 1.7435201 | G42: ='Cronograma (2)'!Q42+F42 -> 100 | I42: =G42+H42 -> 100 | K42: =I42+J42 -> 100 | M42: =K42+L42 -> 100 | O42: =M42+N42 -> 100 | Q42: =O42+P42 -> 100
B43: 7.6 | C43: Pavimentações Especiais | E43: =Orçamento!H125 -> 0 | G43: ='Cronograma (2)'!Q43+F43 -> 0 | I43: =G43+H43 -> 0 | K43: =I43+J43 -> 0 | M43: =K43+L43 -> 0 | O43: =M43+N43 -> 0 | Q43: =O43+P43 -> 0
B44: 8 | C44: INSTALAÇÕES/APARELHOS
B45: 8.1 | C45: Elétricas/Telefônicas | E45: =Orçamento!H129 -> 11.991154 | G45: ='Cronograma (2)'!Q45+F45 -> 120 | I45: =G45+H45 -> 120 | K45: =I45+J45 -> 120 | M45: =K45+L45 -> 120 | O45: =M45+N45 -> 120 | Q45: =O45+P45 -> 120
B46: 8.2 | C46: Hidraúlica, Gás e Incêndio | E46: =Orçamento!H145 -> 2.0443527 | G46: ='Cronograma (2)'!Q46+F46 -> 100 | I46: =G46+H46 -> 100 | K46: =I46+J46 -> 100 | M46: =K46+L46 -> 100 | O46: =M46+N46 -> 100 | Q46: =O46+P46 -> 100
B47: 8.3 | C47: Esgoto e Águas Pluviais | E47: =Orçamento!H153 -> 3.08667 | G47: ='Cronograma (2)'!Q47+F47 -> 110 | I47: =G47+H47 -> 110 | K47: =I47+J47 -> 110 | M47: =K47+L47 -> 110 | O47: =M47+N47 -> 110 | Q47: =O47+P47 -> 110
B48: 8.4 | C48: Instalações Mecânicas | E48: =Orçamento!H160 -> 0 | G48: ='Cronograma (2)'!Q48+F48 -> 100 | I48: =G48+H48 -> 100 | K48: =I48+J48 -> 100 | M48: =K48+L48 -> 100 | O48: =M48+N48 -> 100 | Q48: =O48+P48 -> 100
B49: 8.5 | C49: Aparelhos | E49: =Orçamento!H165 -> 0.95284177 | G49: ='Cronograma (2)'!Q49+F49 -> 100 | I49: =G49+H49 -> 100 | K49: =I49+J49 -> 100 | M49: =K49+L49 -> 100 | O49: =M49+N49 -> 100 | Q49: =O49+P49 -> 100
B50: 8.6 | C50: Metais | E50: =Orçamento!H174 -> 0.31347175 | G50: ='Cronograma (2)'!Q50+F50 -> 130 | I50: =G50+H50 -> 130 | K50: =I50+J50 -> 130 | M50: =K50+L50 -> 130 | O50: =M50+N50 -> 130 | Q50: =O50+P50 -> 130
B51: 9 | C51: COMPLEMENTAÇÃO OBRA | E51: =Orçamento!H181 -> 1.2752937 | G51: ='Cronograma (2)'!Q51+F51 -> 200 | I51: =G51+H51 -> 200 | K51: =I51+J51 -> 200 | M51: =K51+L51 -> 200 | O51: =M51+N51 -> 200 | Q51: =O51+P51 -> 200
B53: TOTAL | E53: =SUM(E17:E51) -> 100 | F53: =SUMPRODUCT(F17:F51,$E$17:$E$51)/100 -> 0 | G53: =F53+'Cronograma (2)'!Q53 -> 106.46221 | H53: =SUMPRODUCT(H17:H51,$E$17:$E$51)/100 -> 0 | I53: =G53+H53 -> 106.46221 | J53: =SUMPRODUCT(J17:J51,$E$17:$E$51)/100 -> 0 | K53: =I53+J53 -> 106.46221 | L53: =SUMPRODUCT(L17:L51,$E$17:$E$51)/100 -> 0 | M53: =K53+L53 -> 106.46221 | N53: =SUMPRODUCT(N17:N51,$E$17:$E$51)/100 -> 0 | O53: =M53+N53 -> 106.46221 | P53: =SUMPRODUCT(P17:P51,$E$17:$E$51)/100 -> 0 | Q53: =O53+P53 -> 106.46221
B55: Responsável Técnico - CREA
B56: =Orçamento!D192 -> 0
F57: Responsável Técnico (Assinatura) | L57: Proponente/Construtora (Assinatura)

Sheet Cronograma (4)
B1: 1º) O cronograma deverá prever percentuais mensais e prazo compatíveis com a obra.
B2: 2º) A última parcela deverá ser de no mínimo 5%
B6: CRONOGRAMA FÍSICO-FINANCEIRO
B8: PROPONENTE/CONSTRUTORA: | F8: MODALIDADE | H8: =Cronograma!J3 -> 0 | L8: DATA | M8: =Orçamento!H13 -> 0
B9: =Orçamento!B14 -> MUNICÍPIO DE UBIRETAMA
B11: Endereço da Obra | F11: Cidade
B12: =Orçamento!B17 -> PRAÇA CENTRAL FRENTE PRA RUA MISSÕES | F12: =Orçamento!B20 -> UBIRETAMA / RS
J14: SERVIÇOS A EXECUTAR (%)
B15: ITEM | C15: SERVIÇOS | E15: PESO | F15: MÊS - 19 | H15: MÊS - 20 | J15: MÊS - 21 | L15: MÊS - 22 | N15: MÊS - 23 | P15: MÊS - 24
E16: % | F16: MÊS | G16: ACUM. | H16: MÊS | I16: ACUM. | J16: MÊS | K16: ACUM. | L16: MÊS | M16: ACUM. | N16: MÊS | O16: ACUM. | P16: MÊS | Q16: ACUM.
B17: 1 | C17: SERV. PRELIM./GERAIS | E17: =Orçamento!H24 -> 1.8559932 | G17: ='Cronograma (3)'!Q17+F17 -> 100 | I17: =G17+H17 -> 100 | K17: =I17+J17 -> 100 | M17: =K17+L17 -> 100 | O17: =M17+N17 -> 100 | Q17: =O17+P17 -> 100
B18: 2 | C18: INFRA-ESTRUTURA | E18: =Orçamento!H32 -> 9.9314416 | G18: ='Cronograma (3)'!Q18+F18 -> 100 | I18: =G18+H18 -> 100 | K18: =I18+J18 -> 100 | M18: =K18+L18 -> 100 | O18: =M18+N18 -> 100 | Q18: =O18+P18 -> 100
B19: 3 | C19: SUPRA-ESTRUTURA | E19: =Orçamento!H43 -> 9.0457072 | G19: ='Cronograma (3)'!Q19+F19 -> 100 | I19: =G19+H19 -> 100 | K19: =I19+J19 -> 100 | M19: =K19+L19 -> 100 | O19: =M19+N19 -> 100 | Q19: =O19+P19 -> 100
B20: 4 | C20: PAREDES E PAINÉIS
B21: 4.1 | C21: Alvenarias | E21: =Orçamento!H48 -> 9.3995986 | G21: ='Cronograma (3)'!Q21+F21 -> 100 | I21: =G21+H21 -> 100 | K21: =I21+J21 -> 100 | M21: =K21+L21 -> 100 | O21: =M21+N21 -> 100 | Q21: =O21+P21 -> 100
B22: 4.2.1 | C22: Esquadrias de Alumínio | E22: =Orçamento!H55 -> 9.6352835 | G22: ='Cronograma (3)'!Q22+F22 -> 100 | I22: =G22+H22 -> 100 | K22: =I22+J22 -> 100 | M22: =K22+L22 -> 100 | O22: =M22+N22 -> 100 | Q22: =O22+P22 -> 100
B23: 4.2.2 | C23: Esquadrias de Ferro | E23: =Orçamento!H58 -> 0 | G23: ='Cronograma (3)'!Q23+F23 -> 0 | I23: =G23+H23 -> 0 | K23: =I23+J23 -> 0 | M23: =K23+L23 -> 0 | O23: =M23+N23 -> 0 | Q23: =O23+P23 -> 0
B24: 4.3 | C24: Esquadrias de Madeira | E24: =Orçamento!H62 -> 2.3859758 | G24: ='Cronograma (3)'!Q24+F24 -> 200 | I24: =G24+H24 -> 200 | K24: =I24+J24 -> 200 | M24: =K24+L24 -> 200 | O24: =M24+N24 -> 200 | Q24: =O24+P24 -> 200
B25: 4.4 | C25: Ferragens | E25: =Orçamento!H64 -> 0 | G25: ='Cronograma (3)'!Q25+F25 -> 0 | I25: =G25+H25 -> 0 | K25: =I25+J25 -> 0 | M25: =K25+L25 -> 0 | O25: =M25+N25 -> 0 | Q25: =O25+P25 -> 0
B26: 4.5 | C26: Vidros e Plásticos | E26: =Orçamento!H66 -> 0 | G26: ='Cronograma (3)'!Q26+F26 -> 0 | I26: =G26+H26 -> 0 | K26: =I26+J26 -> 0 | M26: =K26+L26 -> 0 | O26: =M26+N26 -> 0 | Q26: =O26+P26 -> 0
B27: 5 | C27: COBERTURAS/PROTEÇÕES
B28: 5.1 | C28: Telhados | E28: =Orçamento!H70 -> 10.394441 | G28: ='Cronograma (3)'!Q28+F28 -> 100 | I28: =G28+H28 -> 100 | K28: =I28+J28 -> 100 | M28: =K28+L28 -> 100 | O28: =M28+N28 -> 100 | Q28: =O28+P28 -> 100
B29: 5.2 | C29: Impermeabilizações | E29: =Orçamento!H76 -> 0.10573931 | G29: ='Cronograma (3)'!Q29+F29 -> 100 | I29: =G29+H29 -> 100 | K29: =I29+J29 -> 100 | M29: =K29+L29 -> 100 | O29: =M29+N29 -> 100 | Q29: =O29+P29 -> 100
B30: 5.3 | C30: Tratamentos | E30: =Orçamento!H80 -> 0 | G30: ='Cronograma (3)'!Q30+F30 -> 0 | I30: =G30+H30 -> 0 | K30: =I30+J30 -> 0 | M30: =K30+L30 -> 0 | O30: =M30+N30 -> 0 | Q30: =O30+P30 -> 0
B31: 6 | C31: REVEST.,ELEM.DEC.,PINT.
B32: 6.1 | C32: Revestimentos Internos | E32: =Orçamento!H84 -> 6.4903821 | G32: ='Cronograma (3)'!Q32+F32 -> 100 | I32: =G32+H32 -> 100 | K32: =I32+J32 -> 100 | M32: =K32+L32 -> 100 | O32: =M32+N32 -> 100 | Q32: =O32+P32 -> 100
B33: 6.2 | C33: Azulejos | E33: =Orçamento!H88 -> 3.431336 | G33: ='Cronograma (3)'!Q33+F33 -> 100 | I33: =G33+H33 -> 100 | K33: =I33+J33 -> 100 | M33: =K33+L33 -> 100 | O33: =M33+N33 -> 100 | Q33: =O33+P33 -> 100
B34: 6.3 | C34: Revestimentos Externos | E34: =Orçamento!H92 -> 4.4699834 | G34: ='Cronograma (3)'!Q34+F34 -> 100 | I34: =G34+H34 -> 100 | K34: =I34+J34 -> 100 | M34: =K34+L34 -> 100 | O34: =M34+N34 -> 100 | Q34: =O34+P34 -> 100
B35: 6.4 | C35: Forros | E35: =Orçamento!H97 -> 2.9558803 | G35: ='Cronograma (3)'!Q35+F35 -> 100 | I35: =G35+H35 -> 100 | K35: =I35+J35 -> 100 | M35: =K35+L35 -> 100 | O35: =M35+N35 -> 100 | Q35: =O35+P35 -> 100
B36: 6.5 | C36: Pinturas | E36: =Orçamento!H101 -> 3.2489348 | G36: ='Cronograma (3)'!Q36+F36 -> 100 | I36: =G36+H36 -> 100 | K36: =I36+J36 -> 100 | M36: =K36+L36 -> 100 | O36: =M36+N36 -> 100 | Q36: =O36+P36 -> 100
B37: 7 | C37: PAVIMENTAÇÃO
B38: 7.1 | C38: Madeiras | E38: =Orçamento!H108 -> 0 | G38: ='Cronograma (3)'!Q38+F38 -> 0 | I38: =G38+H38 -> 0 | K38: =I38+J38 -> 0 | M38: =K38+L38 -> 0 | O38: =M38+N38 -> 0 | Q38: =O38+P38 -> 0
B39: 7.2 | C39: Cerâmicas | E39: =Orçamento!H111 -> 3.0965725 | G39: ='Cronograma (3)'!Q39+F39 -> 100 | I39: =G39+H39 -> 100 | K39: =I39+J39 -> 100 | M39: =K39+L39 -> 100 | O39: =M39+N39 -> 100 | Q39: =O39+P39 -> 100
B40: 7.3 | C40: Carpetes | E40: =Orçamento!H114 -> 0 | G40: ='Cronograma (3)'!Q40+F40 -> 0 | I40: =G40+H40 -> 0 | K40: =I40+J40 -> 0 | M40: =K40+L40 -> 0 | O40: =M40+N40 -> 0 | Q40: =O40+P40 -> 0
B41: 7.4 | C41: Cimentados | E41: =Orçamento!H117 -> 2.1454266 | G41: ='Cronograma (3)'!Q41+F41 -> 100 | I41: =G41+H41 -> 100 | K41: =I41+J41 -> 100 | M41: =K41+L41 -> 100 | O41: =M41+N41 -> 100 | Q41: =O41+P41 -> 100
B42: 7.5 | C42: Rodapés, Soleiras e Peitoris | E42: =Orçamento!H121 -> 1.7435201 | G42: ='Cronograma (3)'!Q42+F42 -> 100 | I42: =G42+H42 -> 100 | K42: =I42+J42 -> 100 | M42: =K42+L42 -> 100 | O42: =M42+N42 -> 100 | Q42: =O42+P42 -> 100
B43: 7.6 | C43: Pavimentações Especiais | E43: =Orçamento!H125 -> 0 | G43: ='Cronograma (3)'!Q43+F43 -> 0 | I43: =G43+H43 -> 0 | K43: =I43+J43 -> 0 | M43: =K43+L43 -> 0 | O43: =M43+N43 -> 0 | Q43: =O43+P43 -> 0
B44: 8 | C44: INSTALAÇÕES/APARELHOS
B45: 8.1 | C45: Elétricas/Telefônicas | E45: =Orçamento!H129 -> 11.991154 | G45: ='Cronograma (3)'!Q45+F45 -> 120 | I45: =G45+H45 -> 120 | K45: =I45+J45 -> 120 | M45: =K45+L45 -> 120 | O45: =M45+N45 -> 120 | Q45: =O45+P45 -> 120
B46: 8.2 | C46: Hidraúlica, Gás e Incêndio | E46: =Orçamento!H145 -> 2.0443527 | G46: ='Cronograma (3)'!Q46+F46 -> 100 | I46: =G46+H46 -> 100 | K46: =I46+J46 -> 100 | M46: =K46+L46 -> 100 | O46: =M46+N46 -> 100 | Q46: =O46+P46 -> 100
B47: 8.3 | C47: Esgoto e Águas Pluviais | E47: =Orçamento!H153 -> 3.08667 | G47: ='Cronograma (3)'!Q47+F47 -> 110 | I47: =G47+H47 -> 110 | K47: =I47+J47 -> 110 | M47: =K47+L47 -> 110 | O47: =M47+N47 -> 110 | Q47: =O47+P47 -> 110
B48: 8.4 | C48: Instalações Mecânicas | E48: =Orçamento!H160 -> 0 | G48: ='Cronograma (3)'!Q48+F48 -> 100 | I48: =G48+H48 -> 100 | K48: =I48+J48 -> 100 | M48: =K48+L48 -> 100 | O48: =M48+N48 -> 100 | Q48: =O48+P48 -> 100
B49: 8.5 | C49: Aparelhos | E49: =Orçamento!H165 -> 0.95284177 | G49: ='Cronograma (3)'!Q49+F49 -> 100 | I49: =G49+H49 -> 100 | K49: =I49+J49 -> 100 | M49: =K49+L49 -> 100 | O49: =M49+N49 -> 100 | Q49: =O49+P49 -> 100
B50: 8.6 | C50: Metais | E50: =Orçamento!H174 -> 0.31347175 | G50: ='Cronograma (3)'!Q50+F50 -> 130 | I50: =G50+H50 -> 130 | K50: =I50+J50 -> 130 | M50: =K50+L50 -> 130 | O50: =M50+N50 -> 130 | Q50: =O50+P50 -> 130
B51: 9 | C51: COMPLEMENTAÇÃO OBRA | E51: =Orçamento!H181 -> 1.2752937 | G51: ='Cronograma (3)'!Q51+F51 -> 200 | I51: =G51+H51 -> 200 | K51: =I51+J51 -> 200 | M51: =K51+L51 -> 200 | O51: =M51+N51 -> 200 | Q51: =O51+P51 -> 200
B53: TOTAL | E53: =SUM(E17:E51) -> 100 | F53: =SUMPRODUCT(F17:F51,$E$17:$E$51)/100 -> 0 | G53: =F53+'Cronograma (3)'!Q53 -> 106.46221 | H53: =SUMPRODUCT(H17:H51,$E$17:$E$51)/100 -> 0 | I53: =G53+H53 -> 106.46221 | J53: =SUMPRODUCT(J17:J51,$E$17:$E$51)/100 -> 0 | K53: =I53+J53 -> 106.46221 | L53: =SUMPRODUCT(L17:L51,$E$17:$E$51)/100 -> 0 | M53: =K53+L53 -> 106.46221 | N53: =SUMPRODUCT(N17:N51,$E$17:$E$51)/100 -> 0 | O53: =M53+N53 -> 106.46221 | P53: =SUMPRODUCT(P17:P51,$E$17:$E$51)/100 -> 0 | Q53: =O53+P53 -> 106.46221
B55: Responsável Técnico - CREA
B56: =Orçamento!D192 -> 0
F57: Responsável Técnico (Assinatura) | L57: Proponente/Construtora (Assinatura)
